General information
- name: blunt`
- type: Custom game
- host: HoneyBlunt
- saver: Nevergiveup
map: TurtleRock
- players: 10
- length: 22:55
- speed: Fast
- version: 1.24 W3XP
- replay type: Public
» download(90 KB)
Players
team 1 (winner)
HoneyBlunt (
red | 101 APM | 2305 actions | 22:55)
4 Far Seer
2 Feral Spirit
2 Chain Lighting
3 Shadow Hunter
2 Hex
1 Healing Wave
» actions
| Assign group hotkey | 28 | |
| Basic commands | 23 | |
| Build / train | 78 | |
| ESC pressed | 8 | |
| Enter build submenu | 44 | |
| Enter hero's abilities submenu | 7 | |
| Give item / drop item | 2 | |
| Right click | 1182 | |
| Select / deselect | 599 | |
| Select group hotkey | 205 | |
| Use ability | 129 | |
2305 total
» units
| Peon | 26 | |
| Grunt | 16 | |
| Raider | 6 | |
| Wind Rider | 8 | |
| Troll Witch Doctor | 2 | |
58 total
» upgrades
| Melee Weapons | 2 | |
| Armor | 1 | |
| Berserker Strength | 1 | |
| Ensnare | 1 | |
| Reinforced Defenses | 1 | |
| Envenomed Spears | 1 | |
| Witch Doctor Training | 1 | |
8 total
» buildings
| Orc Burrow | 10 | |
| Altar of Storms | 2 | |
| Barracks | 1 | |
| Stronghold | 1 | |
| War Mill | 2 | |
| Voodoo Lounge | 1 | |
| Beastiary | 2 | |
| Watch Tower | 19 | |
| Fortress | 1 | |
| Great Hall | 1 | |
| Spirit Lodge | 1 | |
41 total
» build order
00:11 Orc Burrow
00:16 Altar of Storms
00:35 Barracks
01:32 Orc Burrow
03:00 Stronghold
03:24 War Mill
04:15 Voodoo Lounge
04:19 Orc Burrow
06:06 Beastiary
06:11 Watch Tower
06:15 Orc Burrow
08:22 Orc Burrow
08:25 Fortress
08:41 Great Hall
08:46 Watch Tower
09:31 Watch Tower
10:28 Watch Tower
11:47 Watch Tower
13:31 Watch Tower
14:05 Orc Burrow
14:17 Altar of Storms
14:32 Watch Tower
14:37 Watch Tower
15:02 Watch Tower
15:16 Watch Tower
15:45 Watch Tower
16:26 Watch Tower
16:46 Watch Tower
16:54 Watch Tower
17:53 Beastiary
18:08 Watch Tower
18:11 Watch Tower
18:51 War Mill
19:34 Spirit Lodge
20:12 Orc Burrow
21:20 Orc Burrow
21:23 Orc Burrow
21:38 Watch Tower
21:48 Orc Burrow
22:06 Watch Tower
22:07 Watch Tower
» items
team 2 (loser)
SMERB.COM.COM (
pink | 98 APM | 2256 actions | 22:55)
5 Death Knight
2 Death Coil
2 Unholy Aura
1 Death Pact
4 Lich
2 Frost Nova
2 Frost Armor
» actions
| Assign group hotkey | 41 | |
| Basic commands | 47 | |
| Build / train | 84 | |
| ESC pressed | 2 | |
| Enter build submenu | 19 | |
| Enter hero's abilities submenu | 9 | |
| Give item / drop item | 3 | |
| Remove unit from queue | 1 | |
| Right click | 1204 | |
| Select / deselect | 328 | |
| Select group hotkey | 394 | |
| Use ability | 124 | |
2256 total
» units
| Acolyte | 4 | |
| Ghoul | 3 | |
| Crypt Fiend | 14 | |
| Obsidian Statue | 7 | |
| Frost Wyrm | 6 | |
| Meatwagon | 3 | |
37 total
» upgrades
| Creature Attack | 3 | |
| Burrow | 1 | |
| Destroyer Form | 1 | |
| Web | 1 | |
6 total
» buildings
| Graveyard | 1 | |
| Crypt | 1 | |
| Altar of Darkness | 1 | |
| Ziggurat | 5 | |
| Tomb of Relics | 1 | |
| Nerubian Tower | 1 | |
| Halls of the Dead | 2 | |
| Black Citadel | 2 | |
| Slaughterhouse | 1 | |
| Sacrificial Pit | 1 | |
| Boneyard | 2 | |
18 total
» build order
00:07 Graveyard
00:15 Crypt
00:44 Altar of Darkness
00:57 Ziggurat
01:24 Tomb of Relics
01:56 Nerubian Tower
02:10 Ziggurat
04:39 Halls of the Dead
04:41 Ziggurat
05:04 Ziggurat
07:04 Black Citadel
07:44 Slaughterhouse
11:13 Sacrificial Pit
11:29 Ziggurat
13:35 Boneyard
13:37 Boneyard
» items
| Rod of Necromancy | 10 | |
| Scroll of Town Portal | 1 | |
| Potion of Healing | 2 | |
| Orb of Corruption | 1 | |
| Potion of Lesser Invulnerability | 1 | |
| Boots of Speed | 1 | |
16 total
observersKILLER.GOAT,
Sexy-MeatWagon,
TehPactisSealed,
Q-veta,
Ghetto_OverIord,
Nevergiveup,
2Black2Strong,
Empire_Man Chat log
(00:12 / Observers) TehPactisSealed: red has ingame race advantage
(00:19 / Observers) KILLER.GOAT: lol
(00:20 / Observers) Ghetto_OverIord: aw
(00:21 / Observers) TehPactisSealed: smerb has real race advantage because he is white
(00:23 / Observers) Ghetto_OverIord: it's not referees?
(00:28 / Observers) KILLER.GOAT: sex
(00:33 / Observers) KILLER.GOAT: this aint the nfl
(00:36 / Observers) KILLER.GOAT: this is bnet
(00:44 / Observers) Ghetto_OverIord: still
(00:50 / Observers) Nevergiveup: orc is the weakest race
(00:52 / Observers) Nevergiveup: fs dies too easily
(01:00 / Observers) TehPactisSealed: what's a fs?
(01:07 / Observers) Q-veta: good thing no one makes fs
(01:10 / Observers) KILLER.GOAT: and their towers attack their own peons sometimes
(01:22 / Observers) Ghetto_OverIord: really?
(01:24 / Observers) Q-veta: gotta keep them inline
(01:24 / Observers) Ghetto_OverIord: how does that work?
(01:27 / Observers) KILLER.GOAT: yea its a bug
(01:41 / Observers) TehPactisSealed: fs
(01:42 / Observers) Nevergiveup: sh is the weakest hero according to ghetto
(01:43 / Observers) Ghetto_OverIord: like with spiked barricades or something?
(01:46 / Observers) Nevergiveup: good thing i raped him
(01:50 / Observers) TehPactisSealed: with sh
(01:56 / Observers) Nevergiveup: ya
(02:02 / Observers) KILLER.GOAT: na the towers just revolt its like they have their own mind
(02:06 / Observers) Q-veta: are those games of you vs ghetto posted somewhere?
(02:07 / Observers) Nevergiveup: he lost to TPN rofl
(02:08 / Observers) Ghetto_OverIord: hmm.
(02:11 / Observers) Ghetto_OverIord: i don't remember seeing that happen.
(02:17 / Observers) KILLER.GOAT: ill get you a replay
(02:18 / Observers) Nevergiveup: ill send you links
(02:21 / All) SMERB.COM.COM: yo
(02:27 / Observers) Ghetto_OverIord: i mean the towers attacking peons
(02:30 / Observers) Ghetto_OverIord: i dont remember seeing that.
(02:36 / Observers) KILLER.GOAT: oh
(02:38 / Observers) KILLER.GOAT: my bad
(02:43 / Observers) Ghetto_OverIord: its k
(02:44 / Observers) TehPactisSealed: nice fs creeping
(02:48 / Observers) KILLER.GOAT: fs tank
(02:57 / Observers) TehPactisSealed: fs needs to tank
(02:58 / Observers) TehPactisSealed: those
(03:00 / Observers) Q-veta: spermbeck has a pretty bad bo
(03:01 / Observers) TehPactisSealed: actually
(03:14 / Observers) KILLER.GOAT: bo bice
(03:17 / Observers) TehPactisSealed: why is the bo bad?
(03:23 / Observers) Ghetto_OverIord: i was smacking blademasters in 4s RT today. it was pretty cool.
(03:25 / Observers) Q-veta: BECAUSE I SAID SO
(03:28 / Observers) Ghetto_OverIord: but then i got raped by bats and i was sad :(
(03:31 / Observers) Q-veta: he seemed to get fiends too slow
(03:37 / Observers) Q-veta: or something
(03:39 / Observers) Q-veta: shut up
(03:42 / Observers) KILLER.GOAT: uptown girl
(03:57 / Observers) KILLER.GOAT: over under both players apm 150
(04:00 / Observers) TehPactisSealed: he really shouldnt
(04:02 / Observers) KILLER.GOAT: im taking under
(04:02 / Observers) TehPactisSealed: creep that
(04:05 / Observers) TehPactisSealed: with 2 fiends
(04:07 / Observers) TehPactisSealed: really
(04:09 / Observers) TehPactisSealed: should not
(04:19 / Observers) KILLER.GOAT: 3 feens
(04:50 / Observers) TehPactisSealed: shouldn't go fs if he doesn't creep
(04:52 / Observers) TehPactisSealed: :3
(04:59 / Observers) Nevergiveup: if smerb loses ill lol so hard
(05:12 / Observers) Q-veta: i hope he does he necrowagon shenanigans
(05:18 / Observers) KILLER.GOAT: he will
(05:23 / Observers) TehPactisSealed: i wanna see worms
(05:25 / Observers) KILLER.GOAT: unless he's lost his identity
(05:41 / Observers) TehPactisSealed: well the building placement looks like negros
(06:06 / Observers) KILLER.GOAT: free tome
(06:14 / Observers) Ghetto_OverIord: wonder why he didn't pick that up?
(06:18 / Observers) TehPactisSealed: free grunts
(06:31 / Observers) TehPactisSealed: why is he getting a tower vs fiends
(06:44 / All) SMERB.COM.COM: yo
(06:44 / Observers) KILLER.GOAT: to kill his own peons
(06:48 / Observers) Ghetto_OverIord: ah i see, blunt knows wher ehe is now
(06:56 / Observers) TehPactisSealed: you are not funny goatse
(06:56 / Observers) Ghetto_OverIord: kinda.
(07:15 / Observers) Q-veta: i don't think smerb will even need to make necromancers
(07:27 / Observers) Nevergiveup: rofl pow
(07:28 / Observers) TehPactisSealed: ready to eat your words?
(07:28 / Observers) KILLER.GOAT: ew
(07:32 / Observers) KILLER.GOAT: this hurts
(07:36 / All) SMERB.COM.COM: you surround with m
(07:37 / Observers) KILLER.GOAT: wow
(07:40 / Observers) TehPactisSealed: LOL
(07:43 / Observers) KILLER.GOAT: wow
(07:43 / Observers) Q-veta: POW
(07:57 / Observers) KILLER.GOAT: omfg if i was that tower i think i would attack the peons after seeing that
(08:29 / Observers) TehPactisSealed: fiend down
(08:32 / Observers) KILLER.GOAT: frost armor noob
(08:37 / Observers) Ghetto_OverIord: brb a min
(08:43 / Observers) Nevergiveup: reminds me of ghetto playing
(08:57 / Observers) KILLER.GOAT: WTF
(08:59 / Observers) Q-veta: grunt down
(09:03 / Observers) TehPactisSealed: vicious turtles
(09:15 / Observers) TehPactisSealed: expoing
(09:18 / Observers) Q-veta: i don't understand something
(09:19 / Observers) TehPactisSealed: and teching t3
(09:20 / Observers) Nevergiveup: smerb is gonna get owned
(09:20 / Observers) TehPactisSealed: same time
(09:31 / Observers) Q-veta: for someone with 44 supply he has very little gold
(09:48 / Observers) TehPactisSealed: smerb tell him over steam
(09:51 / Observers) TehPactisSealed: to put the aco
(09:53 / Observers) TehPactisSealed: into the mine
(09:56 / Observers) TehPactisSealed: erm
(09:57 / Observers) TehPactisSealed: tranced
(10:00 / Observers) TehPactisSealed: tell him over steam
(10:14 / Observers) KILLER.GOAT: what
(10:22 / Observers) TehPactisSealed: did you really do it?
(10:23 / Observers) TehPactisSealed: lol
(10:26 / Observers) Nevergiveup: yes
(10:48 / Observers) Nevergiveup: i think
(10:50 / Observers) Nevergiveup: hb has this
(10:52 / Observers) Q-veta: honeyblunt is gonna ask for a rematch
(10:54 / Observers) Q-veta: because of that
(10:57 / Observers) KILLER.GOAT: how bout
(10:59 / Observers) KILLER.GOAT: we
(11:02 / Observers) KILLER.GOAT: ffa
(11:04 / Observers) KILLER.GOAT: next
(11:09 / Observers) Nevergiveup: so i can win?
(11:12 / Observers) TehPactisSealed: how about you shut your nigger mouth, nigger
(11:13 / Observers) Q-veta: i don't play ffa with noobs
(11:14 / Observers) KILLER.GOAT: yes
(11:20 / Observers) KILLER.GOAT: all of the above
(11:45 / Observers) TehPactisSealed: dont see HB losing this
(11:46 / Observers) Nevergiveup: let smerb or hb
(11:49 / Observers) Nevergiveup: upload the replay
(11:54 / Observers) TehPactisSealed: yea
(11:58 / Observers) Nevergiveup: so they dont see the chat
(12:02 / Observers) KILLER.GOAT: those tauren totems are being built real fast
(12:18 / Observers) TehPactisSealed: FORMATION GOGOGO
(12:28 / Observers) Ghetto_OverIord: ok back what'd i miss?
(12:34 / Observers) Q-veta: hb losing
(12:34 / Observers) Nevergiveup: smerb is losing
(12:36 / Observers) TehPactisSealed: relative to the game
(12:38 / Observers) TehPactisSealed: or at all?
(12:38 / Observers) KILLER.GOAT: FROST ARMOR
(12:39 / Observers) KILLER.GOAT: NOW
(12:45 / Observers) Nevergiveup: rofl
(12:48 / Observers) Nevergiveup: this game is so bad
(12:49 / Observers) Q-veta: how is smerb losing?
(12:54 / Observers) KILLER.GOAT: he aint
(12:55 / Observers) Nevergiveup: nvm
(12:56 / Observers) Nevergiveup: that
(12:57 / Observers) Ghetto_OverIord: i dunno i think smerb had just lost a fiend to some grunts when i went afk
(13:02 / Observers) KILLER.GOAT: honeyblunt is the worst lol
(13:03 / Observers) Q-veta: lol
(13:13 / Observers) Ghetto_OverIord: this could be game
(13:18 / Observers) KILLER.GOAT: LOL
(13:22 / Observers) 2Black2Strong: it is
(13:40 / Observers) Nevergiveup: if smerb loses that dk
(13:41 / Observers) Nevergiveup: rofl
(13:49 / Observers) KILLER.GOAT: invuln pot
(13:52 / Observers) KILLER.GOAT: pro status
(13:58 / Observers) Nevergiveup: wow
(14:01 / Observers) TehPactisSealed: pow
(14:05 / Observers) KILLER.GOAT: lol
(14:19 / Observers) TehPactisSealed: pro ud
(14:24 / Observers) Q-veta: honeyblunt isn't even making units
(14:30 / Observers) KILLER.GOAT: he might
(14:33 / Observers) TehPactisSealed: so he saves gold for the lategame
(14:35 / Observers) TehPactisSealed: dumbdumb
(14:39 / Observers) Ghetto_OverIord: omg the fs will not make it out ooooommmmmmmggggg
(14:52 / Observers) KILLER.GOAT: NEED TO MAKE BURROWS
(15:03 / Observers) KILLER.GOAT: AAaaargGG
(15:07 / Observers) Nevergiveup: rofl\
(15:09 / Observers) Ghetto_OverIord: lol
(15:12 / Observers) KILLER.GOAT: TOWAR UP
(15:15 / All) SMERB.COM.COM: Tabbing out
(15:15 / Observers) Q-veta: he's so bad
(15:17 / All) SMERB.COM.COM: gotta talk about tf2
(15:18 / Observers) Q-veta: oh man
(15:22 / All) HoneyBlunt: kk
(15:28 / Observers) KILLER.GOAT: LIER
(15:31 / Observers) TehPactisSealed: doesnt look like tabbing
(15:34 / Observers) KILLER.GOAT: LMAO
(15:41 / Observers) Ghetto_OverIord: he's on autopilot
(15:56 / All) SMERB.COM.COM: i warned ytou specs
(15:57 / All) SMERB.COM.COM: but no
(16:02 / All) SMERB.COM.COM: you thought this was woprth watching
(16:11 / Observers) KILLER.GOAT: i never thought it was
(16:15 / Observers) Q-veta: it is entertaining in a sad way
(16:20 / Observers) Nevergiveup: i wanted to laugh
(16:22 / Observers) KILLER.GOAT: i just need something to do between jerks
(16:26 / Observers) Ghetto_OverIord: well i missed half of it so lol
(16:27 / Observers) TehPactisSealed: i need some breakes between the masturbation
(16:33 / Observers) KILLER.GOAT: WTF
(16:38 / Observers) KILLER.GOAT: stealin mah thunder
(16:44 / Observers) Q-veta: you can still use your hands
(17:07 / Observers) TehPactisSealed: yea but you know at some point you are at your limit and need a reprise
(17:11 / Observers) KILLER.GOAT: yes
(17:16 / Observers) KILLER.GOAT: my sentiments exacly
(17:27 / Observers) KILLER.GOAT: INVULN POT
(17:29 / Observers) TehPactisSealed: oh how hard can it be
(17:35 / Observers) TehPactisSealed: get a waggon or a counter expo
(17:39 / Observers) TehPactisSealed: DID HE JUST PACT A WYRM?
(17:40 / Observers) Ghetto_OverIord: omg a bone dragon die
(17:43 / Observers) Q-veta: lo
(17:44 / Observers) Q-veta: lol
(17:46 / Observers) Q-veta: oh wow
(17:48 / Observers) KILLER.GOAT: lololol
(18:01 / Observers) TehPactisSealed: pact at level 5
(18:02 / Observers) Nevergiveup: rofl
(18:04 / Observers) Q-veta: honeyblunt has almost 3k gold
(18:11 / Observers) TehPactisSealed: smart
(18:17 / Observers) Nevergiveup: well hb isnt losing
(18:35 / Observers) Ghetto_OverIord: oh ncie
(18:39 / Observers) Ghetto_OverIord: exp tome
(18:52 / Observers) Q-veta: smerb leaves items behind like a pro!
(19:00 / Observers) KILLER.GOAT: that item isnt boss enough
(19:09 / Observers) TehPactisSealed: t3 wyverns
(19:10 / Observers) TehPactisSealed: :(
(19:15 / Observers) Nevergiveup: wut
(19:21 / Observers) KILLER.GOAT: RAAAAAAAAAAAAAAAAAAAAPE
(19:22 / Observers) KILLER.GOAT: LOL
(19:22 / Observers) KILLER.GOAT: LOL
(19:23 / Observers) KILLER.GOAT: LOL
(19:26 / Observers) TehPactisSealed: LOL
(19:28 / Observers) TehPactisSealed: LOL
(19:32 / Observers) TehPactisSealed: yo?
(19:36 / Observers) Q-veta: this is kinda like your game vs power doom
(19:40 / Observers) TehPactisSealed: which one
(19:43 / Observers) Q-veta: he just kept making towers
(19:47 / Observers) TehPactisSealed: oh
(19:47 / Observers) Q-veta: the one on turtle rock
(19:48 / Observers) TehPactisSealed: yea
(19:52 / Observers) Q-veta: lol
(20:03 / Observers) Q-veta: oh man
(20:05 / Observers) KILLER.GOAT: this is also kinda like a botched abortion
(20:08 / Observers) TehPactisSealed: when i get a wyrm i genuinely care about them
(20:21 / Observers) Nevergiveup: like a black woman her child
(20:24 / Observers) TehPactisSealed: DONT SUICIDE INTO THE TOWERS
(20:27 / Observers) Nevergiveup: you shit on them
(20:37 / Observers) Ghetto_OverIord: OMG
(20:38 / Observers) Nevergiveup: LOL
(20:40 / Observers) KILLER.GOAT: LOL
(20:40 / Observers) TehPactisSealed: OH WHAT THE NIGGER
(20:42 / Observers) Ghetto_OverIord: TERRIBLE TERRIBLE DAMAGE
(20:42 / Observers) KILLER.GOAT: LMAO
(20:47 / Observers) Nevergiveup: ROFL POW
(21:03 / Observers) Q-veta: so hb might actually win
(21:06 / Observers) Ghetto_OverIord: this looks bad
(21:07 / Observers) Nevergiveup: worst game ive ever watched
(21:11 / Observers) KILLER.GOAT: lmfao
(21:13 / Observers) TehPactisSealed: well
(21:15 / Observers) Q-veta: he has 3k gold lol
(21:16 / Observers) TehPactisSealed: tower teching
(21:17 / Observers) TehPactisSealed: to
(21:19 / Observers) TehPactisSealed: t3 wyvs
(21:21 / Observers) TehPactisSealed: with BL
(21:23 / Observers) KILLER.GOAT: lmOOOOOOO
(21:24 / Observers) TehPactisSealed: always beats UD
(21:31 / Observers) KILLER.GOAT: u mean heal ward
(21:33 / Observers) TehPactisSealed: pretty old strat
(21:34 / Observers) TehPactisSealed: no
(21:39 / Observers) TehPactisSealed: heal ward is useless with wyvs
(21:43 / Observers) Nevergiveup: \\
(21:44 / Observers) KILLER.GOAT: look
(21:45 / Observers) Q-veta: he has 2 beastiaries but he's only using one
(21:57 / Observers) Nevergiveup: xen-BUICK :3: this is whatxen-BUICK :3: you guys getxen-BUICK :3: for bothering me so much
(21:58 / Observers) TehPactisSealed: he has the second in case the first one gets destroyed
(22:08 / Observers) KILLER.GOAT: lol
(22:22 / Observers) Q-veta: this was well worth my time
(22:26 / Observers) Ghetto_OverIord: GO GO SMERB
(22:27 / Observers) TehPactisSealed: 1 more game
(22:29 / Observers) TehPactisSealed: 2 MAYBE
(22:36 / Observers) Ghetto_OverIord: OMG
(22:45 / Observers) KILLER.GOAT: pro
(22:46 / Observers) Ghetto_OverIord: why do all his wyrms keep dying
(22:53 / Observers) TehPactisSealed: you watch games like this and seriously wonder how people able to use a computer have such a low reaction time
(22:54 / All) SMERB.COM.COM: gg